 Dungeon Crawl Stone Soup version 0.27-a0-1256-gced786f65e (webtiles) character file.

Game seed: 1225018574883424241

954 freelancePsychic the Shooter (level 8, -3/65 HPs)
             Began as a Human Hunter on June 10, 2021.
             Was an Initiate of Okawaru.
             Slain by Eustachio
             ... wielding a +0 rapier
              (5 damage)
             ... on level 6 of the Dungeon.
             The game lasted 00:11:17 (6688 turns).

freelancePsychic the Shooter (Human Hunter)         Turns: 6688, Time: 00:11:18

Health: -3/65      AC: 10    Str: 15    XL:     8   Next: 36%
Magic:  9/9        EV: 10    Int: 12    God:    Okawaru [......]
Gold:   160        SH:  0    Dex: 13    Spells: 7/7 levels left

rFire    . . .     SeeInvis .   b - +2 hand axe (pain)
rCold    . . .     Faith    .   (no shield)
rNeg     . . .     Spirit   .   s - +0 chain mail
rPois    .         Reflect  .   (no helmet)
rElec    .         Harm     .   (no cloak)
rCorr    .         Rampage  .   u - +0 pair of gloves
Will     .....                  m - +0 pair of boots
Stlth    ..........             (no amulet)
HPRegen  0.20/turn              k - +4 ring of evasion
MPRegen  0.11/turn              (no ring)

@: lethally poisoned (-3 -> -17), attractive
A: no striking features
a: Renounce Religion


You were on level 6 of the Dungeon.
You worshipped Okawaru.
Okawaru was noncommittal.
You visited 1 branch of the dungeon, and saw 6 of its levels.

You collected 160 gold pieces.

Inventory:

Hand Weapons
 a - a +1 shortbow
 b - a +2 hand axe of pain (weapon)
Missiles
 d - 27 arrows
Armour
 m - a +0 pair of boots (worn)
 s - a +0 chain mail (worn)
 u - a +0 pair of gloves (worn)
Jewellery
 f - a ring of wizardry
 k - a +4 ring of evasion (left hand)
 o - a ring of fire
 r - a ring of flight
 w - a ring of wizardry
Wands
 c - a wand of acid (6)
 v - a wand of flame (18)
Scrolls
 e - 3 scrolls of teleportation {@r4}
 g - 5 scrolls of blinking
 l - a scroll of magic mapping
 n - 3 scrolls of identify {@r1}
 p - a scroll of summoning {unknown}
 q - a scroll of amnesia {unknown}
 t - a scroll of vulnerability {unknown}
Potions
 h - 2 potions of flight
 i - a potion of attraction


   Skills:
 + Level 6.6 Fighting
 + Level 7.5 Bows
 - Level 2.0 Dodging
 - Level 1.0 Stealth
 + Level 1.3 Invocations


You had 7 spell levels left.
You didn't know any spells.
Your spell library contained the following spells:

 Spells                   Type           Power      Damage    Failure   Level
 Foxfire                  Conj/Fire      0%         2x1d4     100%        1
 Summon Small Mammal      Summ           0%         N/A       100%        1
 Call Imp                 Summ           0%         N/A       100%        2
 Call Canine Familiar     Summ           0%         N/A       100%        3
 Conjure Flame            Conj/Fire      0%         6-21      100%        3
 Inner Flame              Hex/Fire       0%         N/A       100%        3
 Summon Guardian Golem    Hex/Summ       0%         N/A       100%        3
 Sticky Flame             Conj/Fire      0%         2d3       100%        4
 Summon Ice Beast         Ice/Summ       0%         N/A       100%        4
 Summon Lightning Spire   Summ/Air       0%         N/A       100%        4
 Fireball                 Conj/Fire      0%         3d3       100%        5


Dungeon Overview and Level Annotations

Branches:
Dungeon (6/15)             Temple (0/1) D:6

Altars:
Ashenzari
Makhleb
Nemelex Xobeh
Okawaru
Sif Muna
Vehumet
Wu Jian
Zin

Annotations:
D:5 exclusion: statue, Maggie
D:6 Eustachio


Message History

You resist with some effort.
You hit the orc wizard but do no damage.
The orc wizard is severely wounded.
The orc wizard points at you and mumbles some strange words.
The magic dart hits you!
The orc wizard hits you but does no damage.
You are poisoned.
You closely miss the orc wizard.
The orc wizard is severely wounded.
You feel sick.
The orc wizard hits you with a +1 dagger of venom.
You are more poisoned.
You barely miss the orc wizard.
The orc wizard is severely wounded.
You feel very sick. The orc wizard misses you.
You hit the orc wizard but do no damage.
The orc wizard is severely wounded.
You feel very sick.
The orc wizard gestures wildly while chanting.
The orc wizard flickers and vanishes!
Deactivating autopickup; reactivate with Ctrl-A.
You feel sick.
You feel sick.
Eustachio casts a spell.
Eustachio blinks!
Something hits you but does no damage.
You are more poisoned.
* * * LOW HITPOINT WARNING * * *
You feel very sick. Eustachio hits you but does no damage.
* * * LOW HITPOINT WARNING * * *
You feel sick. Something hits you.
* * * LOW HITPOINT WARNING * * *
You are more poisoned.
It was a potion of attraction.
You feel attractive to monsters.
* * * LOW HITPOINT WARNING * * *
You feel very sick. Eustachio hits you with a +0 rapier.
You die...

#####
#...###########
#.#.....#......
###..........#
#...<...#@#..#
#.##.#..#.@..#
# #..#..#..#.#
#.##..##...#
#.##..####)##
............#
#...##.......#
.#. #.......#
...........#
?#.#.........


You could see Eustachio.

Vanquished Creatures
  2 ice beasts
  An ogre (D:5)
  A kobold brigand (D:5)
  A water moccasin zombie (D:5)
  A centaur zombie (D:5)
  2 orc priests (D:5)
  5 hounds
  An iguana (D:5)
  3 orc wizards (D:4)
  A scorpion zombie (D:5)
  4 gnolls (D:3)
  4 adders
  3 worms
  2 dart slugs
  9 orcs
  11 ball pythons
  7 bats
  6 endoplasms
  3 giant cockroaches
  5 goblins
  7 hobgoblins
  15 jackals
  5 quokkas
  2 frilled lizards
  6 kobolds
  5 rats
112 creatures vanquished.

Notes
Turn   | Place    | Note
-------+----------+-------------------------------------------
     0 | D:1      | freelancePsychic the Human Hunter began the quest for the
                  | Orb.
     0 | D:1      | Reached XP level 1. HP: 16/16 MP: 1/1
   143 | D:1      | Reached XP level 2. HP: 19/22 MP: 2/2
   246 | D:1      | Found a faded altar of an unknown god.
   885 | D:1      | Reached XP level 3. HP: 28/28 MP: 3/3
  1533 | D:2      | Reached XP level 4. HP: 11/35 MP: 4/4
  2523 | D:2      | Reached skill level 5 in Bows
  2712 | D:2      | Reached XP level 5. HP: 42/42 MP: 5/5
  2758 | D:3      | Found a burning altar of Makhleb.
  3075 | D:3      | Found a sparkling altar of Nemelex Xobeh.
  3591 | D:4      | Found a broken altar of Ashenzari.
  3904 | D:4      | Reached XP level 6. HP: 22/48 MP: 6/6
  4301 | D:4      | Found a shimmering blue altar of Sif Muna.
  5106 | D:5      | Entered Level 5 of the Dungeon
  5208 | D:5      | Reached skill level 6 in Bows
  5449 | D:5      | Found a radiant altar of Vehumet.
  5458 | D:5      | Noticed an ogre
  5463 | D:5      | Reached skill level 5 in Fighting
  5463 | D:5      | Reached XP level 7. HP: 49/56 MP: 7/7
  5736 | D:5      | Reached skill level 7 in Bows
  5935 | D:5      | Reached XP level 8. HP: 57/64 MP: 8/8
  6510 | D:5      | Found an ornate altar of the Wu Jian Council.
  6510 | D:5      | Found a glowing silver altar of Zin.
  6510 | D:5      | Found an iron altar of Okawaru.
  6521 | D:5      | Became a worshipper of Warmaster Okawaru
  6561 | D:6      | Found a staircase to the Ecumenical Temple.
  6561 | D:6      | Noticed Maggie
  6635 | D:6      | Reached skill level 1 in Invocations
  6648 | D:6      | Noticed Eustachio
  6688 | D:6      | HP: 2/65 [poisoned by an orc wizard]
  6688 | D:6      | Slain by Eustachio

Illustrated notes

Levels and vault maps discovered:
D:1:      heliophobic_arrival_dark_side_of_the_moon, layout_basic,
          basic_ecumenical_altar, st_stairs_5
D:2:      layout_basic
D:3:      layout_rooms, nemelex_diamond_rough_becter, lemuel_doored_altar,
          eino_tiny_chamber
D:4:      layout_basic, evilmike_ruin_ashenzari, kennysheep_orc_sif_temple,
          serial_glass, glass_columns_a, glass_columns_a, due_unseen_surprise,
          feat_on_display, grunt_ministairs_14
D:5:      layout_basic, vehumet_statue, gammafunk_temple_overflow_forgotten,
          minmay_fractal_squares_5
D:6:      layout_loops_cross, xom_butterflies, minmay_temple_entry_trees,
          kennysheep_path_1, dk_noncrumbling_2, st_stairs_10, uniq_eustachio,
          uniq_maggie

Skill      XL: |  1  2  3  4  5  6  7  8 |
---------------+-------------------------+-----
Fighting       | 3 4 5 6 |  6.6
Bows           | 5 6 7 |  7.5
Invocations    | 1 |  1.3
Dodging        | |  2.0
Stealth        | |  1.0

Action                   |  1- 3 |  4- 6 |  7- 9 || total
-------------------------+-------+-------+-------++-------
Melee: Short sword       |    82 |       |       ||    82
       Hand axe          |    28 |   116 |    87 ||   231
       Shortbow          |       |     1 |       ||     1
 Fire: Shortbow          |    24 |    85 |    71 ||   180
Throw: Throwing net      |       |     2 |     1 ||     3
Evoke: Wand              |       |       |     1 ||     1
  Use: Scroll            |     3 |     4 |     1 ||     8
       Potion            |       |     1 |     2 ||     3
Armor: Leather armour    |    44 |    34 |       ||    78
       Chain mail        |       |    13 |    89 ||   102
Dodge: Dodged            |    82 |   156 |    77 ||   315

Table legend: (Time is in decaauts)
 A = Elapsed time spent in this place.
 B = Non-inter-level travel time spent in this place.
 C = Inter-level travel time spent in this place.
 D = Time resting spent in this place.
 E = Time spent auto-exploring this place.
 F = Levels seen in this place.
 G = Mean time per level.
                   A        B        C        D        E       F      G
               +--------+--------+--------+--------+--------+-----+--------+
         Total |   6757 |   6412 |    345 |    267 |   5110 |   6 | 1126.2 |
       Dungeon |   6757 |   6412 |    345 |    267 |   5110 |   6 | 1126.2 |
               +--------+--------+--------+--------+--------+-----+--------+

Top non-repeatable levels by time:
     D:4: 1612 daAuts
     D:5: 1525 daAuts
     D:2: 1518 daAuts
     D:1: 1261 daAuts
     D:3: 758 daAuts
     D:6: 82 daAuts
